AoeStats
← OctopusRewind

Black Forest

509437780Analyzed
2v2 RM · 6d ago on Sep 26, 2026· 45m 15s· 4 players
Game mode
Random Map
Map size
Medium (4 player)
Population
200
Speed
Normal
Resources
Standard
Victory
Conquest
Starting age
Dark Age
Ending age
Imperial Age
RankedLock teamsTeams togetherTeam positionsShared explorationLock speedFull tech treeHidden civsTurbo modeCheats
Victory
Defeat
🇧🇦 Romans · Bosnia & Herzegovina
1033
+15
🇸🇪 Slavs · Sweden
917
+19
🇹🇷 Khmer · Türkiye
1002
-17
🇺🇸 Burgundians · United States
1000
-51
KRISTO
0:33 Loom
14:01 Feudal Age
17:53 Castle Age
16:43 Double-Bit Axe
16:41 Horse Collar
20:02 Bow Saw
20:15 Heavy Plow
20:56 Stone Mining
23:13 Gold Mining
27:50 Wheelbarrow
31:30 Imperial Age
29:18 Pikeman
29:59 Squires
30:32 Detinets
31:01 Fletching
31:22 Forging
32:18 Murder Holes
33:13 Caravan
33:44 Conscription
34:03 Town Watch
34:03 Halberdier
35:25 Crop Rotation
36:17 Two-Man Saw
35:48 Capped Ram
38:22 Iron Casting
37:48 Scale Mail Armor
37:54 Druzhina
39:42 Chemistry
39:03 Ballistics
38:49 Siege Engineers
39:25 Hand Cart
39:11 Town Patrol
40:58 Siege Ram
45:33 Masonry
45:22 Bodkin Arrow
46:28 Blast Furnace
45:44 Chain Mail Armor
45:27 Bodkin Arrow
August Šenoa
1:07 Loom
11:27 Feudal Age
16:45 Castle Age
15:07 Horse Collar
15:51 Double-Bit Axe
18:31 Bow Saw
18:26 Heavy Plow
22:06 Wheelbarrow
21:58 Gold Mining
25:29 Hand Cart
25:26 Stone Mining
26:11 Gold Shaft Mining
29:21 Imperial Age
29:10 Ballistics
29:15 Town Watch
29:34 Capped Ram
30:39 Man-at-Arms
30:39 Pikeman
31:20 Squires
31:23 Scale Mail Armor
31:34 Forging
31:30 Scale Barding Armor
32:23 Conscription
31:52 Long Swordsman
32:51 Chain Mail Armor
32:02 Halberdier
33:12 Town Patrol
33:27 Ballistas
35:21 Comitatenses
36:53 Chain Barding Armor
37:08 Iron Casting
36:40 Legionary
40:20 Blast Furnace
38:49 Heavy Scorpion
40:55 Chemistry
41:27 Caravan
41:57 Coinage
41:38 Guilds
42:46 Crop Rotation
43:26 Siege Engineers
43:31 Masonry
43:34 Fortified Wall
43:19 Murder Holes
OctopusRewind
1:47 Loom
2:49 Wheelbarrow
14:07 Feudal Age
14:58 Horse Collar
16:48 Town Watch
17:32 Heavy Plow
19:28 Double-Bit Axe
20:52 Hand Cart
21:55 Forging
21:36 Fletching
21:47 Padded Archer Armor
21:48 Scale Mail Armor
21:56 Scale Barding Armor
23:35 Man-at-Arms
24:01 Arson
26:23 Castle Age
26:41 Gold Mining
26:46 Stone Mining
26:26 Light Cavalry
27:20 Squires
29:10 Husbandry
29:20 Crossbowman
30:46 Town Patrol
32:38 Gold Shaft Mining
32:42 Stone Shaft Mining
33:34 Bow Saw
33:37 Long Swordsman
33:39 Pikeman
36:15 Two-Man Saw
35:53 Crop Rotation
38:31 Imperial Age
36:01 Elite Skirmisher
37:00 Guard Tower
37:15 Murder Holes
37:48 Masonry
38:52 Redemption
39:27 Burgundian Vineyards
40:07 Two-Handed Swordsman
40:08 Halberdier
41:33 Keep
42:16 Champion
43:36 Architecture
43:05 Cavalier
45:30 Ballistics
remoba66_
0:28 Loom
14:50 Feudal Age
15:38 Horse Collar
15:50 Double-Bit Axe
21:19 Castle Age
20:47 Wheelbarrow
23:14 Heavy Plow
23:58 Bow Saw
26:55 Hand Cart
28:25 Gold Mining
29:58 Scale Barding Armor
30:04 Forging
29:44 Fletching
29:54 Padded Archer Armor
34:01 Imperial Age
32:46 Bodkin Arrow
33:08 Leather Archer Armor
33:14 Chain Barding Armor
33:29 Iron Casting
34:26 Tusk Swords
34:52 Double Crossbow
34:34 Elite Ballista Elephant
35:06 Heavy Scorpion
36:08 Light Cavalry
37:01 Bloodlines
36:53 Bracer
37:29 Plate Barding Armor
37:18 Conscription
38:13 Ring Archer Armor
38:44 Blast Furnace
38:55 Chemistry
39:59 Blast Furnace
40:34 Pikeman
Connection lost

Rejoining the realm…

Still unreachable

The connection could not be restored.

Session expired

The server has moved on; the page needs a fresh start.